3AA
BATTLE GROUND AEROS @ ATLANTIC CITY SONICS
08/20/2025
 
TOP OF THE 1ST
Battle Ground Aeros batting - Pitching for Atlantic City Sonics : LHP Rob Smith
Pitching: LHP Rob Smith
Batting: RHB Carlos Soto 0-0: Ball
1-0: Ball
2-0: Called Strike
2-1: Ball
3-1: Called Strike
3-2: SINGLE (Line Drive, 78S)
Batting: RHB Clarence Therrien 0-0: Called Strike
0-1: Foul Ball, location: 2F
0-2: Strikes out swinging
Batting: LHB Ignacio Martínez 0-0: Called Strike
0-1: Ball
1-1: SINGLE (Groundball, 3D)
Carlos Soto to second
Runner from 2nd tries for 3rd, SAFE, throw made to third
Batting: RHB José Rodríguez 0-0: Ball
1-0: Foul Ball, location: 2F
1-1: Foul Ball, location: 2F
1-2: Ball
2-2: Fly out, F6 (Line Drive, 6)
Batting: RHB Jack Willis 0-0: Swinging Strike
0-1: Ball
1-1: Ball
2-1: Ground out 1-3 (Groundball, 15S)
Top of the 1st over - 0 run(s), 2 hit(s), 0 error(s), 2 left on base; Battle Ground 0 - Atlantic City 0
BOTTOM OF THE 1ST
Atlantic City Sonics batting - Pitching for Battle Ground Aeros : RHP Zach Rediker
Pitching: RHP Zach Rediker
Batting: RHB José López 0-0: Foul Ball, location: 2F
0-1: Foul Ball, location: 2F
0-2: Ground out 6-3 (Groundball, 6S)
Batting: RHB Brady Bess 0-0: Ball
1-0: Ball
2-0: Ball
3-0: Base on Balls
Batting: RHB John Schnatter 0-0: Foul Ball, location: 2F
0-1: Ball
1-1: Foul Ball, location: 2F
1-2: Foul Ball, location: 2F
1-2: Fly out, F8 (Flyball, 8RD)
Batting: LHB José Cordero 0-0: SINGLE (Line Drive, 9LS)
Brady Bess to second
Batting: RHB Kent Summey 0-0: Called Strike
0-1: Ball
1-1: Ball
2-1: Swinging Strike
2-2: Strikes out looking
Bottom of the 1st over - 0 run(s), 1 hit(s), 0 error(s), 2 left on base; Battle Ground 0 - Atlantic City 0
TOP OF THE 2ND
Battle Ground Aeros batting - Pitching for Atlantic City Sonics : LHP Rob Smith
Batting: RHB Beau Murphy 0-0: SINGLE (Flyball, 78S)
Batting: RHB Juan Camacho 0-0: Fly out, F7 (Flyball, 78S)
Batting: RHB Fernando Jiménez 0-0: Ball
1-0: Swinging Strike
1-1: SINGLE (Groundball, 56S) (infield hit)
Beau Murphy to second
Batting: RHB Ernesto López 0-0: Called Strike
0-1: Ball
1-1: Called Strike
1-2: Ball
2-2: Strikes out swinging
Batting: RHB Carlos Soto 0-0: Called Strike
0-1: Called Strike
0-2: Strikes out looking
Top of the 2nd over - 0 run(s), 2 hit(s), 0 error(s), 2 left on base; Battle Ground 0 - Atlantic City 0
BOTTOM OF THE 2ND
Atlantic City Sonics batting - Pitching for Battle Ground Aeros : RHP Zach Rediker
Batting: RHB Gianpaolo Monachino 0-0: Ball
1-0: Swinging Strike
1-1: Ball
2-1: Swinging Strike
2-2: Ball
3-2: Strikes out swinging
Batting: RHB Jorge Figueroa 0-0: Ground out 5-3 (Groundball, 25)
Batting: LHB Todd Blankenburg 0-0: Called Strike
0-1: Foul Ball, location: 2F
0-2: Foul Ball, location: 2F
0-2: Fly out, F8 (Flyball, 89M)
Bottom of the 2nd over - 0 run(s), 0 hit(s), 0 error(s), 0 left on base; Battle Ground 0 - Atlantic City 0
TOP OF THE 3RD
Battle Ground Aeros batting - Pitching for Atlantic City Sonics : LHP Rob Smith
Batting: RHB Clarence Therrien 0-0: Called Strike
0-1: Swinging Strike
0-2: Ball
1-2: Foul Ball, location: 2F
1-2: Ball
2-2: SINGLE (Groundball, 4) (infield hit)
Batting: LHB Ignacio Martínez 0-0: Called Strike
0-1: Ball
1-1: SINGLE (Flyball, 89S)
Clarence Therrien to second
Batting: RHB José Rodríguez 0-0: Called Strike
0-1: Called Strike
0-2: Strikes out swinging
Batting: RHB Jack Willis 0-0: Fly out, F9 (Flyball, 9)
Batting: RHB Beau Murphy 0-0: Called Strike
0-1: Ball
1-1: Foul Ball, location: 2F
1-2: Fly out, F8 (Flyball, 8RS)
Top of the 3rd over - 0 run(s), 2 hit(s), 0 error(s), 2 left on base; Battle Ground 0 - Atlantic City 0
BOTTOM OF THE 3RD
Atlantic City Sonics batting - Pitching for Battle Ground Aeros : RHP Zach Rediker
Batting: LHB Salvador Avilés 0-0: Ball
1-0: Ball
2-0: Fly out, F8 (Flyball, 8RM)
Batting: RHB José López 0-0: Foul Ball, location: 2F
0-1: Ground out 4-3 (Groundball, 4M)
Batting: RHB Brady Bess 0-0: Ball
1-0: Ball
2-0: Called Strike
2-1: Foul Ball, location: 2F
2-2: Foul Ball, location: 2F
2-2: Ball
3-2: SINGLE (Flyball, 8LS)
Batting: RHB John Schnatter 0-0: Ball
1-0: Called Strike
1-1: Fly out, F3 (Popup, 3L)
Bottom of the 3rd over - 0 run(s), 1 hit(s), 0 error(s), 1 left on base; Battle Ground 0 - Atlantic City 0
TOP OF THE 4TH
Battle Ground Aeros batting - Pitching for Atlantic City Sonics : LHP Rob Smith
Batting: RHB Juan Camacho 0-0: Called Strike
0-1: Fly out, F3 (Popup, 3L)
Batting: RHB Fernando Jiménez 0-0: Ball
1-0: Swinging Strike
1-1: Called Strike
1-2: Strikes out swinging
Batting: RHB Ernesto López 0-0: Ground out 6-3 (Groundball, 6M)
Top of the 4th over - 0 run(s), 0 hit(s), 0 error(s), 0 left on base; Battle Ground 0 - Atlantic City 0
BOTTOM OF THE 4TH
Atlantic City Sonics batting - Pitching for Battle Ground Aeros : RHP Zach Rediker
Batting: LHB José Cordero 0-0: Foul Ball, location: 2F
0-1: Ball
1-1: Ground out U3 (Groundball, 3)
Batting: RHB Kent Summey 0-0: Ball
1-0: Called Strike
1-1: Ground out 3-1 (Groundball, 34S)
Batting: RHB Gianpaolo Monachino 0-0: Ball
1-0: Ground out 5-3 (Groundball, 56S)
Bottom of the 4th over - 0 run(s), 0 hit(s), 0 error(s), 0 left on base; Battle Ground 0 - Atlantic City 0
TOP OF THE 5TH
Battle Ground Aeros batting - Pitching for Atlantic City Sonics : LHP Rob Smith
Batting: RHB Carlos Soto 0-0: Called Strike
0-1: Called Strike
0-2: Foul Ball, location: 2F
0-2: Fly out, F8 (Flyball, 8RM)
Batting: RHB Clarence Therrien 0-0: Called Strike
0-1: Ball
1-1: Swinging Strike
1-2: Ball
2-2: Foul Ball, location: 2F
2-2: Foul Ball, location: 2F
2-2: Ball
3-2: Ground out 4-3 (Groundball, 4M)
Batting: LHB Ignacio Martínez 0-0: Called Strike
0-1: Ground out 1-3 (Groundball, 13)
Top of the 5th over - 0 run(s), 0 hit(s), 0 error(s), 0 left on base; Battle Ground 0 - Atlantic City 0
BOTTOM OF THE 5TH
Atlantic City Sonics batting - Pitching for Battle Ground Aeros : RHP Zach Rediker
Batting: RHB Jorge Figueroa 0-0: Swinging Strike
0-1: Fly out, F9 (Flyball, 9S)
Batting: LHB Todd Blankenburg 0-0: Foul Ball, location: 2F
0-1: Ball
1-1: Foul Ball, location: 2F
1-2: Foul Ball, location: 2F
1-2: Foul Ball, location: 2F
1-2: Foul Ball, location: 2F
1-2: SINGLE (Groundball, 56D)
Batting: LHB Salvador Avilés 0-0: Ball
1-0: SINGLE (Groundball, 56D)
Todd Blankenburg to second
Batting: RHB José López 0-0: Ball
1-0: Fly out, F7 (Flyball, 7)
Batting: RHB Brady Bess 0-0: Called Strike
0-1: Fly out, F7 (Flyball, 7)
Bottom of the 5th over - 0 run(s), 2 hit(s), 0 error(s), 2 left on base; Battle Ground 0 - Atlantic City 0
TOP OF THE 6TH
Battle Ground Aeros batting - Pitching for Atlantic City Sonics : LHP Rob Smith
Batting: RHB José Rodríguez 0-0: Ball
1-0: Swinging Strike
1-1: Ball
2-1: Ball
3-1: Ground out 5-3 (Groundball, 56)
Batting: RHB Jack Willis 0-0: Ground out 5-3 (Groundball, 56)
Batting: RHB Beau Murphy 0-0: Foul Ball, location: 2F
0-1: Ball
1-1: Ball
2-1: Called Strike
2-2: Ground out 6-3 (Groundball, 6)
Top of the 6th over - 0 run(s), 0 hit(s), 0 error(s), 0 left on base; Battle Ground 0 - Atlantic City 0
BOTTOM OF THE 6TH
Atlantic City Sonics batting - Pitching for Battle Ground Aeros : RHP Zach Rediker
Batting: RHB John Schnatter 0-0: Fly out, F9 (Flyball, 9)
Batting: LHB José Cordero 0-0: Ball
1-0: Ball
2-0: Ground out U3 (Groundball, 23)
Batting: RHB Kent Summey 0-0: Called Strike
0-1: Ball
1-1: Swinging Strike
1-2: Foul Ball, location: 2F
1-2: Ball
2-2: Ground out 6-3 (Groundball, 6)
Bottom of the 6th over - 0 run(s), 0 hit(s), 0 error(s), 0 left on base; Battle Ground 0 - Atlantic City 0
TOP OF THE 7TH
Battle Ground Aeros batting - Pitching for Atlantic City Sonics : LHP Rob Smith
Pinch Hitting: RHB Andrés Sánchez 0-0: Ball
1-0: Swinging Strike
1-1: Ball
2-1: Ground out 6-3 (Groundball, 6MS)
Batting: RHB Fernando Jiménez 0-0: Ball
1-0: SINGLE (Line Drive, 7LS)
Pinch Hitting: SHB Juan Torres 0-0: Called Strike
0-1: Ball
1-1: Foul Ball, location: 2F
1-2: Ball
2-2: Strikes out swinging
Pitching: RHP Pepe Cabrera
Pinch Hitting: LHB Nelson Castillo 0-0: Foul Ball, location: 2F
0-1: Fielders Choice at 2nd, 4-6 (Groundball, 4)
Top of the 7th over - 0 run(s), 1 hit(s), 0 error(s), 0 left on base; Battle Ground 0 - Atlantic City 0
BOTTOM OF THE 7TH
Atlantic City Sonics batting - Pitching for Battle Ground Aeros : RHP Zach Rediker
Now at 1B: Leroy Rijerkerk
Now at SS: Andrés Sánchez
Now in LF: Juan Torres
Batting: RHB Gianpaolo Monachino 0-0: Ball
1-0: Ball
2-0: Ball
3-0: Base on Balls
Batting: RHB Jorge Figueroa
Pinch Hitting: RHB Julián García 0-0: Called Strike
0-1: Ball
1-1: Bunted foul
1-2: Ball
2-2: Ball
3-2: Fly out, F7 (Line Drive, 7)
Batting: LHB Todd Blankenburg 0-0: Ball
1-0: Ball
2-0: Ball
3-0: Called Strike
3-1: Foul Ball, location: 2F
3-2: Foul Ball, location: 2F
3-2: Base on Balls
Gianpaolo Monachino to second
Batting: LHB Salvador Avilés 0-0: Ball
1-0: Ball
2-0: Fly out, F8 (Flyball, 8RD)
Runner from 2nd tags up, SAFE at 3rd, no throw
Pitching: RHP Manny Benavides
Pinch Hitting: RHB Nelson Torez 0-0: Foul Ball, location: 2F
0-1: Ball
1-1: Ball
2-1: Swinging Strike
2-2: Ball
3-2: 3-RUN HOME RUN (Flyball, 7LD), Distance : 355 ft
Batting: RHB Brady Bess 0-0: Called Strike
0-1: Swinging Strike
0-2: Ball
1-2: Ground out 5-3 (Groundball, 56S)
Bottom of the 7th over - 3 run(s), 1 hit(s), 0 error(s), 0 left on base; Battle Ground 0 - Atlantic City 3
TOP OF THE 8TH
Battle Ground Aeros batting - Pitching for Atlantic City Sonics : RHP Pepe Cabrera
Now at 1B: Nelson Torez
Now in RF: Nobuhiko Nakayama
Batting: RHB Clarence Therrien 0-0: Foul Ball, location: 2F
0-1: Foul Ball, location: 2F
0-2: Strikes out swinging
Batting: LHB Ignacio Martínez 0-0: Called Strike
0-1: Ground out 4-3 (Groundball, 4)
Batting: RHB José Rodríguez 0-0: Foul Ball, location: 2F
0-1: Ball
1-1: Fly out, F5 (Line Drive, 56)
Top of the 8th over - 0 run(s), 0 hit(s), 0 error(s), 0 left on base; Battle Ground 0 - Atlantic City 3
BOTTOM OF THE 8TH
Atlantic City Sonics batting - Pitching for Battle Ground Aeros : RHP Manny Benavides
Batting: RHB John Schnatter 0-0: Foul Ball, location: 2F
0-1: Ball
1-1: Called Strike
1-2: Strikes out swinging
Batting: LHB José Cordero 0-0: Called Strike
0-1: DOUBLE (Line Drive, 3D)
Batting: RHB Kent Summey 0-0: Called Strike
0-1: Ball
1-1: Ball
2-1: Foul Ball, location: 2F
2-2: Ground out 5-3 (Groundball, 56S)
José Cordero to third
Batting: RHB Gianpaolo Monachino 0-0: Foul Ball, location: 2F
0-1: Called Strike
0-2: Ball
1-2: Strikes out looking
Bottom of the 8th over - 0 run(s), 1 hit(s), 0 error(s), 1 left on base; Battle Ground 0 - Atlantic City 3
TOP OF THE 9TH
Battle Ground Aeros batting - Pitching for Atlantic City Sonics : RHP Pepe Cabrera
Pitching: LHP Ted Wright
Batting: RHB Jack Willis 0-0: Foul Ball, location: 2F
0-1: Ball
1-1: Foul Ball, location: 2F
1-2: Strikes out swinging
Batting: RHB Beau Murphy 0-0: Called Strike
0-1: Ball
1-1: SINGLE (Flyball, 8LS)
Batting: RHB Andrés Sánchez 0-0: Ball
1-0: Called Strike
1-1: Ball
2-1: Foul Ball, location: 2F
2-2: Grounds into double play, 6-4-3 (Groundball, 6)
Top of the 9th over - 0 run(s), 1 hit(s), 0 error(s), 0 left on base; Battle Ground 0 - Atlantic City 3
Friday, December 30th, 2016 - OOTP Baseball 17.12 Build 75